 Dungeon Crawl Stone Soup version 0.17-a0-2171-ga91b4ec (webtiles) character file.

2565 mrath the Nimble (level 9, 0/71 HPs)
             Began as a Merfolk Ice Elementalist on Oct 25, 2015.
             Was an Initiate of Vehumet.
             Slain by Vidiiot's ghost (9 damage)
             ... on level 7 of the Dungeon on Oct 26, 2015.
             The game lasted 01:45:52 (11848 turns).

mrath the Nimble (Merfolk Ice Elementalist)        Turns: 11848, Time: 01:45:52

Health: 0/71       AC: 11    Str:  8    XL:     9   Next: 57%
Magic:  11/17      EV: 13    Int: 14    God:    Vehumet [......]
Gold:   433        SH:  0    Dex: 18    Spells: 4 memorised, 9 levels left

rFire  . . .     SeeInvis .     e - +1 spear
rCold  . . .     Clarity  .     a - +0 robe
rNeg   . . .     SustAt   .     (no shield)
rPois  +         Gourm    +     z - +0 helmet
rElec  .         Spirit   .     (no cloak)
rCorr  .         Warding  .     D - +1 pair of gloves
rMut   .         Stasis   .     (no boots)
MR     .....                    y - amulet of the gourmand
Stlth  ++........               K - +6 ring of protection
                                u - ring of poison resistance

@: not resistant to hostile enchantments, unstealthy
A: change form in water, swift swim
a: Renounce Religion


You were on level 7 of the Dungeon.
You worshipped Vehumet.
Vehumet was noncommittal.
You were not hungry.

You visited 2 branches of the dungeon, and saw 8 of its levels.

You collected 433 gold pieces.

Inventory:

Hand Weapons
 e - a +1 spear (weapon)
 h - a cursed -1 hunting sling
 l - a +2 whip of pain
 p - a +0 short sword of speed
 Q - a cursed -1 war axe
Missiles
 j - a throwing net (quivered)
 o - 131 stones
 G - 30 sling bullets
Armour
 a - a +0 robe (worn)
 z - a +0 helmet (worn)
 D - a +1 pair of gloves (worn)
Magical Staves
 P - an uncursed staff of earth
Jewellery
 u - a ring of poison resistance (left hand)
 y - an amulet of the gourmand (around neck)
 K - a +6 ring of protection (right hand)
 R - an uncursed amulet of clarity {unknown}
 X - a cursed amulet of inaccuracy {unknown}
Wands
 d - a wand of polymorph (9)
 C - a wand of flame (9)
 M - a wand of confusion (26)
Scrolls
 f - a scroll of fog
 i - a scroll of enchant armour
 t - 2 scrolls of teleportation
 A - 2 scrolls of identify
 I - a scroll of summoning
Potions
 g - a potion of brilliance {unknown}
 k - 5 potions of curing
 n - a potion of agility {unknown}
 q - a potion of invisibility {unknown}
 v - a potion of ambrosia {unknown}
 w - 2 potions of flight
 B - 3 potions of cancellation
 L - a potion of heal wounds {unknown}
 U - a potion of haste {unknown}
Books
 b - a book of Frost

   Spells                             Type                      Level
   a - Freeze                         Ice                          1
   b - Throw Frost                    Conjuration/Ice              2
   c - Ozocubu's Armour               Charms/Ice                   3
   d - Throw Icicle                   Conjuration/Ice              4
   e - Summon Ice Beast               Ice/Summoning                4
   f - Condensation Shield            Ice                          4
Comestibles
 c - 4 bread rations
 m - 4 chunks of flesh
 F - 3 meat rations


   Skills:
 + Level 6.6 Fighting
 + Level 8.1 Dodging
 - Level 2.1 Stealth
 + Level 5.7 Spellcasting
 - Level 0.7 Conjurations
 + Level 4.4 Charms
 + Level 7.2 Ice Magic


You had 9 spell levels left.
You knew the following spells:

 Your Spells              Type           Power        Failure   Level  Hunger
a - Freeze                Ice            ###.         1%          1    None
b - Throw Frost           Conj/Ice       ###...       6%          2    #......
c - Ozocubu's Armour      Chrm/Ice       ###.....     6%          3    ###....
d - Condensation Shield   Ice            ###.......   10%         4    ####...


Dungeon Overview and Level Annotations

Branches:
Dungeon (7/15)             Temple (1/1) D:7

Altars:
Ashenzari
Cheibriados
Dithmenos
Elyvilon
Fedhas
Gozag
Kikubaaqudgha
Okawaru
Ru
Sif Muna
Vehumet
Xom
Yredelemnul
Zin
The Shining One

Annotations:
D:7 Vidiiot's ghost, novice HOFi


Message History

Casting: Freeze
Confirm with . or Enter, or press ? or * to list all spells.
Aiming: Freeze
Press: ? - help, Shift-Dir - straight line, f/p - Vidiiot's ghost
Aim: Vidiiot's ghost (moderately damaged)
You freeze Vidiiot's ghost.
Vidiiot's ghost is heavily damaged.
Vidiiot's ghost hits you.
* * * LOW HITPOINT WARNING * * *
Casting: Freeze
Confirm with . or Enter, or press ? or * to list all spells.
Aiming: Freeze
Press: ? - help, Shift-Dir - straight line, f/p - Vidiiot's ghost
Aim: Vidiiot's ghost (heavily damaged)
You freeze Vidiiot's ghost.
Vidiiot's ghost is severely damaged.
Vidiiot's ghost hits you!
* * * LOW HITPOINT WARNING * * *
Vidiiot's ghost hits you!
You die...

#######################
...'..................#
#..##...........##.#..#
#..##...........##.####
....+............'..#
##'##............#..#
...##........##.##.##
.............##.####
.............'..@#
.............##.W#
#..##...##...##..#####
...##...###'###..#...##
.........'.......[....#
.........#..W##.##....#
≈≈.(..#.##...##.##...##
≈≈≈≈..#.##...##.##...##
≈≈≈≈≈.+.....W##.##[...#


You could see Vidiiot's ghost.

Vanquished Creatures
  A troll (D:7)
  Eustachio (D:5)
  Menkaure (D:7)
  5 sky beasts (D:6)
  An ice beast (D:6)
  A phantom (D:6)
  4 ogres
  5 giant frogs
  A scorpion (D:5)
  4 hounds
  An orc priest (D:4)
  4 crimson imps
  A jelly (D:4)
  A centaur skeleton (D:5)
  A giant frog skeleton (D:7)
  6 worker ants
  Terence (D:2)
  4 orc wizards
  A hound skeleton (D:5)
  7 adders
  An adder zombie (D:7)
  A worm (D:3)
  An adder skeleton (D:6)
  A giant gecko (D:4)
  8 orcs
  3 ball pythons
  5 giant cockroaches
  9 hobgoblins
  5 bats
  2 giant newts
  6 goblins
  A jackal skeleton (D:5)
  10 kobolds
  2 quokkas
  8 rats
114 creatures vanquished.

Notes
Turn   | Place    | Note
--------------------------------------------------------------
     0 | D:1      | mrath the Merfolk Ice Elementalist began the quest for the Orb.
     0 | D:1      | Reached XP level 1. HP: 13/13 MP: 3/3
   363 | D:1      | Reached skill level 1 in Fighting
   480 | D:1      | Reached XP level 2. HP: 21/21 MP: 5/5
  1249 | D:1      | Learned a level 2 spell: Throw Frost
  1290 | D:2      | Noticed Terence
  1360 | D:2      | Killed Terence
  1360 | D:2      | Reached XP level 3. HP: 18/27 MP: 0/6
  2087 | D:2      | Reached XP level 4. HP: 34/34 MP: 7/7
  3415 | D:3      | Found a snail-covered altar of Cheibriados.
  3417 | D:3      | Found a white marble altar of Elyvilon.
  3499 | D:3      | Reached skill level 4 in Dodging
  3499 | D:3      | Reached XP level 5. HP: 22/40 MP: 3/8
  3786 | D:4      | Noticed an ogre
  3786 | D:4      | Noticed an ogre
  3817 | D:2      | Killed an ogre
  3817 | D:2      | Reached XP level 6. HP: 18/47 MP: 0/10
  4648 | D:4      | Noticed a giant frog
  4657 | D:3      | Reached skill level 5 in Dodging
  4749 | D:4      | Found a shadowy altar of Dithmenos.
  4978 | D:4      | Killed a giant frog
  4978 | D:4      | Reached XP level 7. HP: 50/54 MP: 2/12
  5091 | D:4      | Reached skill level 5 in Ice Magic
  5281 | D:4      | Noticed an ogre
  5293 | D:4      | Killed an ogre
  5841 | D:3      | Learned a level 3 spell: Ozocubu's Armour
  5931 | D:2      | Reached skill level 6 in Dodging
  5938 | D:2      | Killed an ogre
  6399 | D:5      | Entered Level 5 of the Dungeon
  6768 | D:5      | Noticed Eustachio
  6788 | D:5      | Reached skill level 1 in Charms
  6788 | D:5      | Reached XP level 8. HP: 61/61 MP: 2/14
  6922 | D:5      | Reached skill level 5 in Fighting
  7126 | D:5      | Found a sacrificial altar of Ru.
  7402 | D:5      | Killed Eustachio
  8488 | D:6      | Reached skill level 7 in Dodging
  8917 | D:6      | Reached skill level 5 in Spellcasting
  9361 | D:6      | Found an ancient bone altar of Kikubaaqudgha.
  9390 | D:6      | Reached XP level 9. HP: 39/69 MP: 16/16
  9668 | D:7      | Found a staircase to the Ecumenical Temple.
  9912 | D:7      | Noticed Vidiiot's ghost (novice HOFi)
 10010 | D:7      | Noticed Menkaure
 10018 | D:7      | Killed Menkaure
 10048 | D:7      | Reached skill level 8 in Dodging
 11105 | Temple   | Entered the Ecumenical Temple
 11279 | Temple   | Became a worshipper of Vehumet
 11319 | Temple   | Learned a level 4 spell: Condensation Shield
 11419 | D:7      | Found a basalt altar of Yredelemnul.
 11848 | D:7      | Slain by Vidiiot's ghost

Vault maps used:
D:1:      dpeg_arrival_long_road
D:2:      uniq_terence
D:3:      nicolae_overflow_hidden_temple
D:4:      nicolae_dithmenos_through_a_glass_darkly, first_bread, uniq_robin
D:5:      basic_altar, uniq_eustachio
D:6:      kiku_gazebo_garden_becter
D:7:      yredelemnul_forgotten_temple_becter, lemuel_doored_altar,
          kennysheep_little_box, temple_pool_b, uniq_menkaure
Temple:   hc_temple_tempest_star

Action                   |  1- 3 |  4- 6 |  7- 9 || total
-------------------------+-------+-------+-------++-------
Melee: Spear             |    89 |    45 |   329 ||   463
Throw: Stone             |     4 |    25 |    10 ||    39
       Tomahawk          |       |       |     2 ||     2
 Cast: Freeze            |    22 |    68 |   149 ||   239
       Throw Frost       |       |     4 |    48 ||    52
       Ozocubu's Armour  |       |       |     1 ||     1
Evoke: Wand              |       |       |    27 ||    27
  Use: Scroll            |       |       |    21 ||    21
       Potion            |       |       |     1 ||     1
 Stab: Sleeping          |     2 |     3 |     2 ||     7
  Eat: Bread ration      |     1 |       |     3 ||     4
       Chunk             |       |     7 |     9 ||    16
       Fruit             |       |     1 |     4 ||     5
       Pizza             |       |     1 |       ||     1
       Royal jelly       |       |       |     1 ||     1
